 Dungeon Crawl Stone Soup version 0.23.2-1-ga50397a (webtiles) character file.

Game seed: 17870012015287320824

127 Kairos the Magician (level 5, 0/37 HPs)
             Began as a Gnoll Wanderer on Apr 22, 2019.
             Was an Initiate of Okawaru.
             Slain by an orc
             ... wielding a +0 war axe of freezing
              (3 damage)
             ... on level 3 of the Dungeon.
             The game lasted 00:05:55 (3734 turns).

Kairos the Magician (Gnoll Wanderer)                Turns: 3734, Time: 00:05:56

Health: 0/37       AC:  6    Str: 16    XL:     5   Next: 11%
Magic:  14/14      EV:  8    Int: 14    God:    Okawaru [......]
Gold:   118        SH:  9    Dex: 14    Spells: 17/18 levels left

rFire    . . .     SeeInvis .   r - +1 dagger (drain)
rCold    . . .     Gourm    .   k - +0 shield
rNeg     . . .     Faith    .   q - +0 ring mail
rPois    .         Spirit   .   (no helmet)
rElec    .         Reflect  .   (no cloak)
rCorr    .         Harm     +   m - +0 pair of gloves
MR       .....                  (no boots)
Stlth    +.........             v - amulet of harm
HPRegen  0.12/turn              (no ring)
MPRegen  0.14/turn              (no ring)

@: no status effects
A: distributed training, fangs 1, strong nose
a: Renounce Religion


You were on level 3 of the Dungeon.
You worshipped Okawaru.
Okawaru was noncommittal.
You were not hungry.

You visited 1 branch of the dungeon, and saw 3 of its levels.

You collected 118 gold pieces.

Inventory:

Hand Weapons
 b - a +0 dagger
 o - a +0 spear
 p - a +4 dagger
 r - a +1 dagger of draining (weapon)
 u - a +2 dagger of venom
Missiles
 h - 4 javelins (quivered)
Armour
 d - a +0 robe
 k - a +0 shield (worn)
 m - a +0 pair of gloves (worn)
 q - a +0 ring mail (worn)
Jewellery
 v - an amulet of harm (around neck)
Scrolls
 a - a scroll of remove curse {unknown}
 g - a scroll of enchant weapon {unknown}
 i - a scroll of amnesia {unknown}
 j - 4 scrolls of identify {unknown}
 s - 4 scrolls of fear {unknown}
 t - a scroll of blinking {unknown}
Potions
 e - a potion of brilliance {unknown}
 l - a potion of heal wounds {unknown}
 n - a potion of resistance {unknown}
 x - 2 potions of haste {unknown}
Comestibles
 f - 2 rations


   Skills:
 + Level 1.3 Fighting
 + Level 1.3 Short Blades
 + Level 1.3 Long Blades
 + Level 1.3 Axes
 + Level 1.3 Maces & Flails
 + Level 1.3 Polearms
 + Level 1.3 Staves
 + Level 1.3 Slings
 + Level 1.3 Bows
 + Level 1.3 Crossbows
 + Level 2.8 Throwing
 + Level 1.3 Armour
 + Level 1.3 Dodging
 + Level 1.3 Stealth
 + Level 2.8 Shields
 + Level 1.3 Unarmed Combat
 + Level 7.2 Spellcasting
 + Level 3.9 Conjurations
 + Level 1.0 Hexes
 + Level 2.3 Charms
 + Level 1.0 Summonings
 + Level 1.0 Necromancy
 + Level 1.0 Translocations
 + Level 1.0 Transmutations
 + Level 1.0 Fire Magic
 + Level 1.0 Ice Magic
 + Level 1.0 Air Magic
 + Level 1.0 Earth Magic
 + Level 3.9 Poison Magic
 + Level 1.4 Invocations
 + Level 1.3 Evocations


You had 17 spell levels left.
You knew the following spells:

 Your Spells              Type           Power        Failure   Level  Hunger
a - Sting                 Conj/Pois      ###.         26%         1    None

Your spell library contained the following spells:

 Spells                   Type           Power        Failure   Level  Hunger
 Magic Dart               Conj           ###.         26%         1    None
 Searing Ray              Conj           ###...       36%         2    None
 Dazzling Spray           Conj/Hex       ##....       80%         3    ##.....
 Spider Form              Tmut/Pois      ##........   80%         3    ##.....
 Iskenderun's Mystic Bla  Conj           ###.....     95%         4    ####...
 Force Lance              Conj/Tloc      ##......     99%         4    ####...
 Fulminant Prism          Conj/Hex       ##........   99%         4    ####...


Dungeon Overview and Level Annotations

Branches:
Dungeon (3/15)

Altars:
Okawaru
The Shining One


Innate Abilities, Weirdness & Mutations

Your experience applies equally to all skills.
You have very sharp teeth.
Your uncanny sense of smell can sniff out nearby items.


Message History

The orc hits you with a +0 war axe of freezing.
* * * LOW HITPOINT WARNING * * *
The orc freezes you.
* * * LOW HITPOINT WARNING * * *
The orc priest calls down the wrath of Beogh upon you.
Pain shoots through your body!
* * * LOW HITPOINT WARNING * * *
You feel better. You block the orc's attack.
The orc priest hits you but does no damage.
You feel better. The orc hits you but does no damage.
You block the orc priest's attack.
The orc priest mumbles some strange prayers to Beogh against you.
Beogh smites you!
* * * LOW HITPOINT WARNING * * *
You hit the orc.
The orc is almost dead.
The orc hits you with a +0 war axe of freezing.
* * * LOW HITPOINT WARNING * * *
The orc freezes you.
You die...

........#.# #<......... #..≈≈≈≈≈≈
........#.# ##....##### .....≈≈≈≈
..##....#.# #....# #....†.
#.#######.# ##....#####+######...
#.## #.# .............# #.##
#..######.#####..........# #...
##.......................########
.....####.########...........
.....# #...[...@ooo.........
.....# #..#################.
.....# #..# .....# #..#
##.†.####..# ∆ #....)....#
##....###.## .......##.#
.....#.##.#


You could see an orc priest and 2 orcs.

Vanquished Creatures
  4 adders
  An ooze (D:3)
  A worm (D:2)
  4 dart slugs
  4 leopard geckos
  11 giant cockroaches
  8 goblins
  6 hobgoblins
  2 jackals (D:2)
  A quokka (D:2)
  5 bats
  5 frilled lizards
  11 kobolds
  8 rats
71 creatures vanquished.

Notes
Turn   | Place    | Note
-------+----------+-------------------------------------------
     0 | D:1      | Kairos the Gnoll Wanderer began the quest for the Orb.
     0 | D:1      | Kairos set off with the following items: a +0 club, a
                  | potion of curing, a +0 robe, a ration; and the following
                  | spells available to memorise: Magic Dart, Sting, Searing
                  | Ray, Dazzling Spray, Spider Form, Iskenderun's Mystic
                  | Blast, Force Lance, Fulminant Prism
     0 | D:1      | Reached XP level 1. HP: 13/13 MP: 8/8
    65 | D:1      | Learned a level 1 spell: Sting
   182 | D:1      | Reached XP level 2. HP: 10/19 MP: 10/10
  1365 | D:1      | Found an iron altar of Okawaru.
  1397 | D:1      | Reached XP level 3. HP: 17/25 MP: 9/11
  1409 | D:1      | Became a worshipper of Warmaster Okawaru
  1932 | D:2      | Reached skill level 1 in Invocations
  1984 | D:2      | Reached skill level 1 in Fighting
  1984 | D:2      | Reached skill level 1 in Short Blades
  1984 | D:2      | Reached skill level 1 in Long Blades
  1984 | D:2      | Reached skill level 1 in Axes
  1984 | D:2      | Reached skill level 1 in Maces & Flails
  1984 | D:2      | Reached skill level 1 in Polearms
  1984 | D:2      | Reached skill level 1 in Staves
  1984 | D:2      | Reached skill level 1 in Slings
  1984 | D:2      | Reached skill level 1 in Bows
  1984 | D:2      | Reached skill level 1 in Crossbows
  1984 | D:2      | Reached skill level 1 in Armour
  1984 | D:2      | Reached skill level 1 in Dodging
  1984 | D:2      | Reached skill level 1 in Stealth
  1984 | D:2      | Reached skill level 1 in Unarmed Combat
  1984 | D:2      | Reached skill level 1 in Evocations
  2189 | D:2      | Reached XP level 4. HP: 32/32 MP: 13/13
  2806 | D:2      | Found a glowing golden altar of the Shining One.
  2924 | D:2      | Reached skill level 1 in Hexes
  2924 | D:2      | Reached skill level 1 in Summonings
  2924 | D:2      | Reached skill level 1 in Necromancy
  2924 | D:2      | Reached skill level 1 in Translocations
  2924 | D:2      | Reached skill level 1 in Transmutations
  2924 | D:2      | Reached skill level 1 in Fire Magic
  2924 | D:2      | Reached skill level 1 in Ice Magic
  2924 | D:2      | Reached skill level 1 in Air Magic
  2924 | D:2      | Reached skill level 1 in Earth Magic
  3446 | D:3      | Found a glowing golden altar of the Shining One.
  3555 | D:3      | Reached XP level 5. HP: 37/37 MP: 14/14
  3734 | D:3      | Slain by an orc

Skill      XL: |  1  2  3  4 |
---------------+-------------+-----
Charms         | 2 |  2.3
Invocations    | 1 |  1.4
Fighting       | 1 |  1.3
Short Blades   | 1 |  1.3
Long Blades    | 1 |  1.3
Axes           | 1 |  1.3
Maces & Flails | 1 |  1.3
Polearms       | 1 |  1.3
Staves         | 1 |  1.3
Slings         | 1 |  1.3
Bows           | 1 |  1.3
Crossbows      | 1 |  1.3
Armour         | 1 |  1.3
Dodging        | 1 |  1.3
Stealth        | 1 |  1.3
Unarmed Combat | 1 |  1.3
Evocations     | 1 |  1.3
Hexes          | 1 |  1.0
Summonings     | 1 |  1.0
Necromancy     | 1 |  1.0
Translocations | 1 |  1.0
Transmutations | 1 |  1.0
Fire Magic     | 1 |  1.0
Ice Magic      | 1 |  1.0
Air Magic      | 1 |  1.0
Earth Magic    | 1 |  1.0
Throwing       | |  2.8
Shields        | |  2.8
Spellcasting   | |  7.2
Conjurations   | |  3.9
Poison Magic   | |  3.9

Action                   |  1- 3 |  4- 6 || total
-------------------------+-------+-------++-------
Melee: Club              |     8 |       ||     8
       Dagger            |    92 |    93 ||   185
       Bite              |    12 |     9 ||    21
       Spear             |    21 |       ||    21
Throw: Javelin           |     7 |     3 ||    10
 Cast: Sting             |    13 |     8 ||    21
  Use: Potion            |       |     2 ||     2
  Eat: Chunk             |     2 |     4 ||     6
       Ration            |     1 |       ||     1
Armor: Robe              |    15 |       ||    15
       Ring mail         |    11 |    30 ||    41
Dodge: Dodged            |    50 |    26 ||    76
Block: Shield            |    25 |    42 ||    67
